 Dungeon Crawl Stone Soup version 0.28.0 (webtiles) character file.

Game seed: 7128250372053414020

1914 inmateoo the Skirmisher (level 8, -1/64 HPs)
             Began as a Mummy Delver on Feb 14, 2022.
             Engulfed by a steam dragon's steam (7 damage)
             ... on level 6 of the Dungeon.
             The game lasted 00:08:17 (6773 turns).

inmateoo the Skirmisher (Mummy Delver)              Turns: 6773, Time: 00:08:17

Health: -1/64      AC:  8    Str: 15    XL:     8   Next: 95%
Magic:  8/8        EV: 11    Int: 10    God:
Gold:   323        SH:  0    Dex: 19    Spells: 7/7 levels left

rFire   x . .      SeeInvis .   q - +3 mace of Watchfulness {vorpal, Dex+4}
rCold   + . .      Faith    .   j - orb {light}
rNeg    + + +      Spirit   .   o - +0 scale mail {rPois}
rPois   ∞          Reflect  .   (no helmet)
rElec   .          Harm     .   h - +0 cloak
rCorr   .          Rampage  .   (no gloves)
Will    ++...                   (no boots)
Stlth   +.........              (no amulet)
HPRegen 0.20/turn               g - ring of flight
MPRegen 0.11/turn               p - ring of willpower

@: about to teleport, flying, glowing
A: cold resistance 1, negative energy resistance 3, torment resistance 2, heat
vulnerability 1, no potions
a: no special abilities


You were on level 6 of the Dungeon.
You visited 2 branches of the dungeon, and saw 7 of its levels.

You collected 323 gold pieces.

Inventory:

Hand Weapons
 i - a +3 whip of protection
 k - a +3 whip
 q - the +3 mace of Watchfulness (weapon) {vorpal, Dex+4}
   (You took it off an orc on level 5 of the Dungeon)

   It inflicts extra damage upon your enemies.
   Dex:       It affects your dexterity (+4).
Armour
 h - a +0 cloak (worn)
 j - an orb of light (worn)
 l - a +0 ring mail
 o - a +0 scale mail of poison resistance (worn)
Jewellery
 g - a ring of flight (left hand)
 p - a ring of willpower (right hand)
Wands
 f - a wand of digging (3)
 m - a wand of flame (1)
Scrolls
 a - a scroll of vulnerability
 b - 2 scrolls of teleportation
 c - 2 scrolls of fog
 d - 3 scrolls of magic mapping
 e - 2 scrolls of enchant armour
 n - 2 scrolls of enchant weapon {unknown}


   Skills:
 + Level 6.0 Fighting
 - Level 2.0 Long Blades
 * Level 5.9 Maces & Flails
 + Level 4.0 Armour
 + Level 4.5 Dodging
 - Level 4.1 Stealth


You had 7 spell levels left.
You didn't know any spells.
Your spell library contained the following spells:

 Spells                   Type           Power      Damage    Failure   Level
 Corpse Rot               Necr/Air       0%         N/A       91%         2
 Poisonous Vapours        Pois/Air       0%         N/A       91%         2
 Summon Hydra             Summ           0%         N/A       100%        7
 Sublimation of Blood     Necr           Unusable   N/A       N/A         2
 Wereblood                Tmut           Unusable   N/A       N/A         2

Dungeon Overview and Level Annotations

Branches:
Dungeon (6/15)             Temple (1/1) D:5

Altars:
Ashenzari
Cheibriados
Elyvilon
Fedhas
Makhleb
Nemelex Xobeh
Okawaru
Qazlal
Ru
Sif Muna
Vehumet
Zin

Shops:
D:5 :

Annotations:
D:3 3 runed translucent doors, Camille's ghost, amateur DECj
D:4 2 transporters, benappo's ghost, amateur DsFi


Innate Abilities, Weirdness & Mutations

You are immune to poison.
Your flesh is cold resistant. (rC+)
You are immune to negative energy. (rN+++)
You are immune to unholy pain and torment.
You are vulnerable to heat. (rF-)
You do not drink.


Message History

You kill the black bear!
Your Fighting skill increases to level 6!
Your Armour skill increases to level 4!
No target in view!
A steam dragon comes into view.
The steam dragon hisses angrily.
A centaur skeleton comes into view.
The steam dragon breathes steam at you. The ball of steam misses you.
The centaur skeleton moves out of view.
You're standing in a cloud of steam!
You're standing in a cloud of steam!
No target in view!
Aiming: Throw Flame
Press: ? - help, Shift-Dir - straight line, f - steam dragon
Aim: a steam dragon (steam, catching its breath, 68% to hit)
The puff of flame hits the steam dragon.
The steam dragon is lightly wounded.
Aiming: Throw Flame
Press: ? - help, Shift-Dir - straight line, f/p - steam dragon
Aim: a steam dragon (lightly wounded, 68% to hit)
The puff of flame hits the steam dragon.
The steam dragon is moderately wounded.
You hit the steam dragon but do no damage.
The steam dragon is moderately wounded.
The steam dragon breathes steam at you. The ball of steam hits you!!
The steam scalds you terribly!
You hit the steam dragon but do no damage.
The steam dragon is moderately wounded.
The steam dragon closely misses you. The steam dragon barely misses you.
The steam dragon breathes steam at you. The ball of steam hits you!!!
The steam scalds you terribly!
Ouch! That really hurt!
* * * LOW HITPOINT WARNING * * *
The centaur skeleton barely misses you.
The centaur skeleton kicks you but does no damage.
You hear a shout!
As you read the scroll of teleportation, it crumbles to dust.
You feel strangely unstable.
You are engulfed in a cloud of scalding steam.
You die...

........'....#....#
........#....#....#
........#....#....#
........#....#
>.......##########
##+###.....§......
#§§..........
#§§.§§.......
#@§§§§.......
#DZ..........
.......###########
.......# .......'
.......# .......#
.....### .....


You could see a steam dragon (catching breath) and a centaur skeleton.

Vanquished Creatures
  Sigmund (D:3)
  2 water moccasins
  2 black bears
  A sky beast (D:4)
  A necrophage (D:5)
  2 scorpions
  A water moccasin zombie (D:5)
  A wyvern skeleton (D:5)
  4 killer bees (D:4)
  A jelly (D:5)
  4 hounds
  A bullfrog zombie (D:5)
  A centaur skeleton (D:6)
  An orc priest (D:4)
  Natasha (thrice) (D:2)
  2 iguanas
  Ijyb (D:4)
  Terence (D:2)
  7 orc wizards
  A killer bee zombie (D:5)
  6 adders
  An ufetubus (D:4)
  An adder zombie (D:5)
  A worm (D:5)
  4 dart slugs
  15 orcs
  7 endoplasms
  A giant cockroach (D:1)
  5 goblins
  6 hobgoblins
  4 jackals (D:1)
  5 kobolds
  A quokka (D:4)
  8 ball pythons
  2 bats
  4 frilled lizards
  4 rats
113 creatures vanquished.

Notes
Turn   | Place    | Note
-------+----------+-------------------------------------------
     0 | D:5      | inmateoo the Mummy Delver began the quest for the Orb.
     0 | D:5      | Reached XP level 1. HP: 18/18 MP: 1/1
   433 | D:5      | Reached XP level 2. HP: 11/24 MP: 2/2
   895 | D:5      | Found Buic's Book Boutique.
  1069 | D:5      | Found a staircase to the Ecumenical Temple.
  1079 | Temple   | Entered the Ecumenical Temple
  1398 | D:5      | Reached skill level 1 in Maces & Flails
  1398 | D:5      | Reached XP level 3. HP: 27/29 MP: 3/3
  1608 | D:5      | Reached skill level 1 in Armour
  1608 | D:5      | Reached XP level 4. HP: 19/35 MP: 4/4
  1780 | D:3      | Noticed Sigmund
  1823 | D:3      | Noticed Ijyb
  1846 | D:4      | HP: 1/35 [Ijyb (1)]
  1848 | D:4      | Killed Ijyb
  2013 | D:4      | Reached XP level 5. HP: 25/42 MP: 5/5
  2186 | D:3      | Found a runed translucent gate.
  2186 | D:3      | Found a runed translucent gate.
  2186 | D:3      | Found a runed translucent gate.
  2188 | D:3      | Noticed Camille's ghost (amateur DECj)
  3133 | D:1      | Reached skill level 4 in Fighting
  3331 | D:1      | Found a faded altar of an unknown god.
  3380 | D:2      | Noticed Natasha
  3557 | D:2      | Killed Natasha
  3558 | D:2      | Reached XP level 6. HP: 35/48 MP: 6/6
  3781 | D:2      | Noticed Natasha
  3787 | D:2      | Killed Natasha
  3843 | D:2      | Noticed Natasha
  3851 | D:2      | Killed Natasha
  4618 | D:3      | Noticed Terence
  4640 | D:2      | Killed Terence
  4730 | D:3      | Killed Sigmund
  4731 | D:3      | Reached XP level 7. HP: 55/55 MP: 7/7
  5535 | D:4      | Reached skill level 5 in Fighting
  5562 | D:4      | Reached XP level 8. HP: 38/62 MP: 8/8
  5686 | D:4      | Found a transporter.
  5689 | D:4      | Noticed benappo's ghost (amateur DsFi)
  5691 | D:4      | Found a transporter.
  6128 | D:5      | Reached skill level 5 in Maces & Flails
  6227 | D:5      | Identified the +3 mace of Watchfulness {vorpal, Dex+4}
  6763 | D:6      | Reached skill level 6 in Fighting
  6773 | D:6      | Engulfed by a steam dragon's steam

Illustrated notes

Levels and vault maps discovered:
D:1:      roderic_crossed_star, layout_loops_ring,
          shapermc_ecumenical_altar_mp_vishouse
D:2:      layout_rooms, uniq_natasha
D:3:      layout_rooms, gammafunk_ghost_nasty_kobolds, uniq_terence, uniq_ijyb,
          uniq_sigmund
D:4:      layout_rooms, gammafunk_ghost_mausoleum
D:5:      layout_basic, minmay_temple_entry_metal_lava, serial_shops, shop
D:6:      layout_gridville
Temple:   hc_temple_tempest_star

Skill      XL: |  1  2  3  4  5  6  7  8 |
---------------+-------------------------+-----
Long Blades    | 2 |  2.0
Maces & Flails | 1 2 3 4 5 |  5.9
Dodging        | 2 3 4 |  4.5
Armour         | 1 2 3 4 |  4.0
Fighting       | 4 5 6 |  6.0
Stealth        | |  4.1

Action                   |  1- 3 |  4- 6 |  7- 9 || total
-------------------------+-------+-------+-------++-------
Melee: Falchion          |    18 |       |       ||    18
       Whip              |    34 |   192 |   260 ||   486
       Punch             |     1 |       |       ||     1
       Mace              |       |       |    24 ||    24
Evoke: Wand              |       |     1 |     2 ||     3
  Use: Scroll            |     1 |     7 |     1 ||     9
 Stab: Sleeping          |     1 |       |       ||     1
Armor: Leather armour    |     7 |     6 |       ||    13
       Ring mail         |       |    38 |       ||    38
       Scale mail        |       |     4 |   148 ||   152
Dodge: Dodged            |    35 |   104 |   153 ||   292
